 Dungeon Crawl Stone Soup version 0.26-a0-682-g294304f6e8 (webtiles) character file.

Game seed: 14547165934003399127

4830 DogServant the Grappler (level 10, -4/92 HPs)
             Began as a Naga Transmuter on Oct 21, 2020.
             Was an Elder of Cheibriados.
             Slain by a troll (18 damage)
             ... on level 9 of the Dungeon.
             The game lasted 00:13:24 (10046 turns).

DogServant the Grappler (Naga Transmuter)          Turns: 10046, Time: 00:13:25

Health: -4/92      AC: 10    Str: 28 (30) XL:     10   Next: 49%
Magic:  13/13      EV: 10    Int: 22 (23) God:    Cheibriados [****..]
Gold:   230        SH:  0    Dex: 19 (21) Spells: 2/13 levels left

rFire    + . .     SeeInvis +     - Unarmed
rCold    + + .     Faith    .   (shield currently unavailable)
rNeg     . . .     Spirit   .   a - +0 robe
rPois    +         Reflect  .   (helmet restricted)
rElec    .         Harm     .   J - scarf {rC+ rF+}
rCorr    .         Rampage  .   (gloves currently unavailable)
MR       +....                  (no barding)
Stlth    ++........             p - amulet of magic regeneration
HPRegen  0.25/turn              m - +4 ring of protection
MPRegen  0.38/turn              o - +6 ring of strength

@: blade hands, very slow
A: large, beak, stinger 1, iridescent scales 1, see invisible, cold resistance
1, deformed body, poison resistance, slowness 2, spit poison 1, AC +3
a: Spit Poison, End Transformation, Bend Time, Temporal Distortion, Slouch,
Renounce Religion


You were on level 9 of the Dungeon.
You worshipped Cheibriados.
Cheibriados was greatly pleased with you.
You had blades for hands.
You visited 2 branches of the dungeon, and saw 10 of its levels.

You collected 326 gold pieces.
You spent 96 gold pieces at shops.

Inventory:

Armour
 a - a +0 robe (worn)
 l - a +0 pair of gloves (melded)
 w - a +0 cloak
 J - a scarf of resistance (worn)
 L - +0 swamp dragon scales
Jewellery
 m - a +4 ring of protection (left scythe-like blade)
 o - a +6 ring of strength (right scythe-like blade)
 p - an amulet of magic regeneration (around neck)
 A - an uncursed ring of stealth {unknown}
 C - a +4 ring of evasion {unknown}
 E - an uncursed ring of poison resistance {unknown}
Wands
 y - a wand of paralysis (7)
 G - a wand of disintegration (8)
 K - a wand of flame (14)
Scrolls
 b - 4 scrolls of amnesia
 c - 2 scrolls of identify
 d - 2 scrolls of enchant armour {unknown}
 h - 8 scrolls of teleportation
 n - 6 scrolls of remove curse {unknown}
 s - 2 scrolls of immolation {unknown}
 t - 2 scrolls of fog {unknown}
 u - 3 scrolls of enchant weapon {unknown}
 x - 3 scrolls of magic mapping {unknown}
 D - a scroll of blinking {unknown}
 F - a scroll of vulnerability {unknown}
 H - a scroll of fear {unknown}
Potions
 e - a potion of brilliance
 f - a potion of invisibility
 g - a potion of magic
 i - a potion of haste
 j - 2 potions of ambrosia
 k - 2 potions of stabbing
 q - a potion of lignification {unknown}
 r - a potion of degeneration
 v - a potion of flight {unknown}
 z - 4 potions of resistance {unknown}
 B - 4 potions of curing
 I - a potion of cancellation {unknown}


   Skills:
 - Level 6.3 Fighting
 + Level 1.3 Armour
 - Level 1.5 Dodging
 + Level 10.1 Unarmed Combat
 - Level 2.0 Spellcasting
 - Level 8.0 Transmutations
 - Level 5.4 Poison Magic
 + Level 3.0 Invocations
 - Level 1.7 Evocations


You had 2 spell levels left.
You knew the following spells:

 Your Spells              Type           Power        Failure   Level
a - Beastly Appendage     Tmut           #####.       12%         1
b - Wereblood             Tmut           #####...     14%         2
c - Spider Form           Tmut/Pois      ####......   24%         3
d - Blade Hands           Tmut           #####.....   54%         5

Your spell library contained the following spells:

 Spells                   Type           Power        Failure   Level
 Ice Form                 Ice/Tmut       ###.....     69%         4


Dungeon Overview and Level Annotations

Branches:
Dungeon (9/15)             Temple (1/1) D:4            Lair (0/6) D:8
    Orc: D:9-12

Altars:
Ashenzari
Cheibriados
Dithmenos
Elyvilon
Fedhas
Gozag
Hepliaklqana
Kikubaaqudgha
Nemelex Xobeh
Okawaru
Ru
Sif Muna
Trog
Uskayaw
Wu Jian
Yredelemnul
Zin
The Shining One

Shops:
D:2 *   D:4 !

Annotations:
D:4 3 runed translucent doors, DogServant's ghost, novice NaTm
D:7 1 runed translucent door, Turbonekonecno's ghost, novice OpVM


Innate Abilities, Weirdness & Mutations

You cannot wear boots.
Your serpentine skin is tough. (AC +3)
You have supernaturally acute eyesight. (SInv)
Armour fits poorly on your strangely shaped body.
Your system is resistant to poisons. (rPois)
You cover ground very slowly.
You can spit poison.
You have a beak for a mouth.
Your tail ends in a poisonous barb.
You are partially covered in iridescent scales. (AC +2)
Your flesh is cold resistant. (rC+)


Message History

* * * LOW HITPOINT WARNING * * *
The centaur hits you.
* * * LOW HITPOINT WARNING * * *
A killer bee comes into view.
The killer bee moves out of view. x2
The killer bee buzzes angrily.
You see here a +0 giant club.
Okay, then.
Okay, then.
Okay, then.
Okay, then.
Okay, then.
Okay, then.
It was a potion of degeneration.
There was something very wrong with that liquid.
You feel weakened.
You feel dopey.
You feel clumsy.
The centaur hits you but does no damage.
An adder zombie comes into view.
The troll bites you!!
You die...

....... #. ..y....
##. ....... ...
c...... #..
y...... #.#
y......
..#####.###Ty.....
...Z.(..((@cy.h...
#.
.#####(####....<.
#.. #(######....
#.. ###.......c...
#.## #...####### .
.... ##...####..##
.#....
#..........# .....
#......###.#
##....
#......###.#
#...##


You could see a troll, 2 centaurs, a hound, 5 killer bees and an adder zombie
(wandering).

Vanquished Creatures
  Pikel (D:6)
  Maurice (D:8)
  Maggie (D:9)
  A komodo dragon (D:8)
  A wyvern (D:9)
  A water moccasin (D:7)
  3 ice beasts
  2 orc warriors
  2 black bears (D:8)
  A phantom (D:9)
  7 ogres
  3 lemures (D:6)
  A big kobold (D:8)
  Blork the orc (D:5)
  4 bullfrogs
  2 scorpions
  4 killer bees (D:9)
  A howler monkey (D:4)
  4 wights (D:7)
  A crimson imp (D:7)
  A centaur zombie (D:9)
  A hound (D:7)
  A centaur skeleton (D:4)
  6 orc priests
  Crazy Yiuf (D:3)
  3 iguanas
  9 orc wizards
  4 worker ants
  A hound skeleton (D:5)
  10 gnolls (D:3)
  6 adders
  3 shadow imps
  3 ufetubi
  An ooze (D:3)
  4 adder skeletons
  2 adder zombies
  6 worms
  2 dart slugs
  4 leopard geckos
  28 orcs
  A ball python (D:7)
  7 giant cockroaches
  7 goblins
  7 hobgoblins
  6 jackals
  4 quokkas
  A ball python skeleton (D:4)
  3 bats
  2 frilled lizards
  2 goblin skeletons (D:7)
  2 goblin zombies (D:7)
  A hobgoblin zombie (D:7)
  13 kobolds
  3 kobold skeletons (D:7)
  A kobold zombie (D:7)
  2 orc skeletons (D:7)
  2 orc zombies (D:7)
  A quokka skeleton (D:4)
  7 rats
210 creatures vanquished.

Vanquished Creatures (others)
  9 plants
9 creatures vanquished.

Grand Total: 219 creatures vanquished

Notes
Turn   | Place    | Note
-------+----------+-------------------------------------------
     0 | D:1      | DogServant the Naga Transmuter began the quest for the Orb.
     0 | D:1      | Reached XP level 1. HP: 18/18 MP: 3/3
    84 | D:1      | Reached XP level 2. HP: 23/25 MP: 3/5
   992 | D:1      | Reached XP level 3. HP: 32/32 MP: 4/6
  1449 | D:2      | Found a blossoming altar of Fedhas.
  1809 | D:2      | Reached skill level 4 in Unarmed Combat
  1809 | D:2      | Reached XP level 4. HP: 28/40 MP: 7/7
  1813 | D:2      | Learned a level 2 spell: Wereblood
  1817 | D:2      | Learned a level 3 spell: Spider Form
  2153 | D:2      | Found a faded altar of an unknown god.
  2435 | D:2      | Found Zin's Purification Station.
  2438 | D:2      | Found a glowing silver altar of Zin.
  2508 | D:2      | Found a sparkling altar of Nemelex Xobeh.
  2678 | D:3      | Reached skill level 1 in Poison Magic
  2686 | D:3      | Reached XP level 5. HP: 46/49 MP: 4/8
  2994 | D:3      | Reached XP level 6. HP: 17/56 MP: 6/9
  2996 | D:3      | Reached skill level 5 in Unarmed Combat
  4006 | D:3      | Found a runed translucent door.
  4007 | D:3      | Noticed Crazy Yiuf
  4015 | D:3      | Killed Crazy Yiuf
  4015 | D:3      | Reached skill level 5 in Poison Magic
  4133 | D:4      | Reached XP level 7. HP: 62/62 MP: 4/10
  4278 | D:4      | Found a runed translucent gate.
  4278 | D:4      | Found a runed translucent gate.
  4278 | D:4      | Found a runed translucent gate.
  4278 | D:4      | Noticed DogServant's ghost (novice NaTm)
  4289 | D:4      | Found a sparkling altar of Nemelex Xobeh.
  4355 | D:4      | Found a basalt altar of Yredelemnul.
  4645 | D:4      | Found a staircase to the Ecumenical Temple.
  4713 | D:4      | Reached skill level 6 in Unarmed Combat
  4735 | Temple   | Entered the Ecumenical Temple
  4787 | Temple   | Became a worshipper of Cheibriados the Contemplative
  4872 | D:4      | Found Lysusm's Distillery.
  4880 | D:4      | Bought a potion of mutation for 96 gold pieces
  4880 | D:4      | Gained mutation: You are somewhat resistant to further
                  | mutation. [potion of mutation]
  4880 | D:4      | Gained mutation: You are dopey. (Int -2) [potion of
                  | mutation]
  4881 | D:4      | Lost mutation: You are dopey. (Int -2) [potion of mutation]
  4881 | D:4      | Lost mutation: You are somewhat resistant to further
                  | mutation. [potion of mutation]
  4881 | D:4      | Gained mutation: Your tail ends in a poisonous barb.
                  | [potion of mutation]
  4881 | D:4      | Gained mutation: You are partially covered in iridescent
                  | scales. (AC +2) [potion of mutation]
  4881 | D:4      | Gained mutation: You have a beak for a mouth. [potion of
                  | mutation]
  4881 | D:4      | Gained mutation: Your flesh is cold resistant. (rC+)
                  | [potion of mutation]
  5403 | D:5      | Entered Level 5 of the Dungeon
  5689 | D:5      | Reached XP level 8. HP: 59/72 MP: 11/11
  5746 | D:5      | Noticed Blork the orc
  5760 | D:5      | Killed Blork the orc
  6144 | D:5      | Found a broken altar of Ashenzari.
  6299 | D:6      | Reached * piety under Cheibriados
  6502 | D:6      | Reached skill level 7 in Unarmed Combat
  6531 | D:6      | Reached skill level 5 in Fighting
  7014 | D:6      | Found a sacrificial altar of Ru.
  7171 | D:6      | Reached ** piety under Cheibriados
  7352 | D:6      | Noticed Pikel
  7368 | D:6      | Killed Pikel
  7368 | D:6      | Reached skill level 5 in Transmutations
  7368 | D:6      | Reached XP level 9. HP: 61/82 MP: 12/12
  7522 | D:7      | Found a glowing golden altar of the Shining One.
  7546 | D:7      | Reached skill level 8 in Unarmed Combat
  8264 | D:7      | Learned a level 5 spell: Blade Hands
  8351 | D:7      | Reached *** piety under Cheibriados
  8531 | D:7      | Found a runed translucent door.
  8543 | D:7      | Noticed Turbonekonecno's ghost (novice OpVM)
  8566 | D:7      | Found an ornate altar of the Wu Jian Council.
  8760 | D:8      | Reached skill level 9 in Unarmed Combat
  8875 | D:8      | Found a bloodstained altar of Trog.
  9236 | D:8      | Noticed Maurice
  9242 | D:8      | Killed Maurice
  9242 | D:8      | Reached XP level 10. HP: 91/92 MP: 11/13
  9461 | D:8      | Found a staircase to the Lair.
  9470 | D:8      | Reached skill level 1 in Invocations
  9549 | D:9      | Noticed Maggie
  9553 | D:9      | Reached skill level 1 in Evocations
  9571 | D:9      | Killed Maggie
  9873 | D:9      | Reached **** piety under Cheibriados
  9915 | D:9      | Reached skill level 10 in Unarmed Combat
  9916 | D:9      | Reached skill level 1 in Armour
 10046 | D:9      | Slain by a troll

Illustrated notes

Levels and vault maps discovered:
D:1:      psy_arrival_terrarium, layout_loops_ring, minmay_indecisive_spiral
D:2:      layout_loops_cross, fedhas_altar_2, zin_purify, serial_forest,
          infiniplex_forest_clump_diagonal, infiniplex_forest_clump_double,
          infiniplex_forest_clump_curved, infiniplex_forest_straight_3,
          infiniplex_forest_straight_4, infiniplex_forest_clump_curved,
          infiniplex_forest_diagonal, chequers_ecumenical_altar_simple_redux,
          nemelex_spade_bored_becter
D:3:      layout_loops_ring, grunt_decor_resistance, minmay_misc_feat_pillars,
          uniq_crazy_yiuf_cottage
D:4:      layout_layer_cave, nemelex_xobeh_ov_fountains_minmay, kennysheep_mini,
          minmay_temple_entry_enclosed_plants, gammafunk_ghost_split,
          serial_shops, nicolae_shop_trees, minmay_misc_feat_alley
D:5:      layout_cave_pools, evilmike_ruin_ashenzari, uniq_blork_the_orc
D:6:      layout_loops_cross, nicolae_ru_awakened_eye, palyth_stone_intersect,
          uniq_pikel
D:7:      layout_rooms, nicolae_tso_besieged_by_evil, lemuel_doored_altar,
          nicolae_overflow_hidden_temple, ebering_ghost_reflecting_pool
D:8:      layout_basic, trog_ov_bears_minmay, david_lair_shrubbed, uniq_maurice
D:9:      layout_rooms, grunt_temple_overflow_champion_of_chaos, serial_shops,
          nicolae_shop_stone, minmay_misc_feat_iff, kennysheep_generic_room_10,
          uniq_maggie
Temple:   kb_temple_of_zot

Skill      XL: |  1  2  3  4  5  6  7  8  9 10 |
---------------+-------------------------------+-----
Fighting       | 2 3 4 6 |  6.3
Unarmed Combat | 4 5 6 7 9 10 | 10.1
Poison Magic   | 1 3 5 |  5.4
Transmutations | 3 5 7 8 |  8.0
Invocations    | 3 |  3.0
Evocations     | 1 |  1.7
Armour         | 1 |  1.3
Dodging        | |  1.5
Spellcasting   | |  2.0

Action                   |  1- 3 |  4- 6 |  7- 9 | 10-12 || total
-------------------------+-------+-------+-------+-------++-------
Melee: Unarmed           |   100 |   175 |   279 |    57 ||   611
       Headbutt          |    16 |    21 |    32 |     4 ||    73
       Tailslap          |       |       |    23 |     3 ||    26
       Peck              |       |       |    32 |     2 ||    34
       Punch             |       |       |     3 |     3 ||     6
 Cast: Beastly Appendage |    15 |    23 |    21 |     4 ||    63
       Spider Form       |       |     5 |    24 |     3 ||    32
       Wereblood         |       |     4 |     2 |     1 ||     7
       Blade Hands       |       |       |       |     2 ||     2
 Abil: Spit Poison       |       |     3 |     3 |       ||     6
  Use: Scroll            |       |     4 |     5 |       ||     9
       Potion            |       |     2 |     2 |     1 ||     5
 Stab: Sleeping          |     1 |       |       |       ||     1
       Distracted        |       |       |     1 |       ||     1
Armor: Robe              |    16 |    55 |    44 |    16 ||   131
       Skin              |       |     3 |    16 |     2 ||    21
Dodge: Dodged            |    59 |    99 |   166 |    51 ||   375

Table legend: (Time is in decaauts)
 A = Elapsed time spent in this place.
 B = Non-inter-level travel time spent in this place.
 C = Inter-level travel time spent in this place.
 D = Time resting spent in this place.
 E = Time spent auto-exploring this place.
 F = Levels seen in this place.
 G = Mean time per level.
                   A        B        C        D        E       F      G
               +--------+--------+--------+--------+--------+-----+--------+
         Total |  13455 |  13023 |    432 |   2235 |   9266 |  10 | 1345.5 |
       Dungeon |  13313 |  12887 |    426 |   2235 |   9141 |   9 | 1479.2 |
        Temple |    142 |    136 |      6 |      0 |    124 |   1 |  142.0 |
               +--------+--------+--------+--------+--------+-----+--------+

Top non-repeatable levels by time:
     D:6: 1808 daAuts
     D:4: 1753 daAuts
     D:8: 1745 daAuts
     D:2: 1730 daAuts
     D:3: 1699 daAuts
     D:7: 1546 daAuts
     D:1: 1344 daAuts
     D:5: 1133 daAuts
     D:9: 551 daAuts
  Temple: 142 daAuts
